cohdb
Replays
Latest Replays
All Replays
Popular Replays
Top Player Replays
Match Explorer
How It Works
Community
CoH3 Stats
Reddit
Sign in to upload your games and track your stats! →
Sign in with Steam
Match 29389109
Unlisted
Match 29389109
Overview
Messages
Build Orders
End
Vickers Machine Gun Team
Construct Section Command Post
Dingo Light Scout Car
Infantry Section
Infantry Section
Construct Platoon Command Post
Humber Armored Car
6-pounder Anti-tank Gun Team
6-pounder Anti-tank Gun Team
Construct Company Command Post
Selects Heavy Armor Battlegroup
Selects Light Vehicle Withdraw and Refit
Selects Forward Repair Assembly
Selects Designate Targets
Selects Rigorous Vehicle Training
Foot Guards Section
Designate Targets
Matilda II Heavy Tank
Designate Targets
6-pounder Anti-tank Gun Team
Designate Targets
Selects Crusader AA Medium Tank
Designate Targets
HulkSMASH
⚓️Ruby⚓
Ghost
ashilrye
0
0
Comments
sign in to comment!
No comments posted yet!